 Dungeon Crawl Stone Soup version 0.27.0-1-g7a089689b8 (webtiles) character file.

Game seed: 3992123435993109178

948 lnt the Cleaver (level 7, -2/85 HPs)
             Began as a Minotaur Berserker on Aug 1, 2021.
             Was a Priest of Trog.
             Shot with an arrow by a centaur (7 damage)
             ... on level 5 of the Dungeon.
             The game lasted 00:15:27 (4624 turns).

lnt the Cleaver (Minotaur Berserker)                Turns: 4624, Time: 00:15:28

Health: -2/85      AC: 23    Str: 21    XL:     7   Next: 89%
Magic:  6/6        EV:  2    Int:  4    God:    Trog [***...]
Gold:   75         SH:  0    Dex: 12    Spells: 6/6 levels left

rFire    . . .     SeeInvis .   a - +1 hand axe
rCold    . . .     Faith    .   (no shield)
rNeg     + + +     Spirit   .   (armour currently unavailable)
rPois    +         Reflect  .   (helmet currently unavailable)
rElec    .         Harm     .   (cloak currently unavailable)
rCorr    .         Rampage  .   (gloves currently unavailable)
Will     .....     NoTele   +   (boots currently unavailable)
Stlth    +.........             (no amulet)
HPRegen  0.24/turn              (no ring)
MPRegen  0.10/turn              (no ring)

@: tree-form
A: stationary, stasis, torment immunity, boosted hp, (horns 2), (retaliatory
headbutt)
a: Renounce Religion, Berserk, Trog's Hand


You were on level 5 of the Dungeon.
You worshipped Trog.
Trog was most pleased with you.
You were a tree.
You visited 1 branch of the dungeon, and saw 6 of its levels.

You collected 209 gold pieces.
You spent 134 gold pieces at shops.

Inventory:

Hand Weapons
 a - a +1 hand axe (weapon)
 o - a +0 hunting sling
Missiles
 d - 88 stones
 A - 23 sling bullets
 B - 18 poisoned darts (quivered)
Armour
 b - a +0 animal skin
 j - a +0 cloak (melded)
 k - a +0 pair of boots (melded)
 r - a +0 ring mail (melded)
Jewellery
 z - a ring of flight
Wands
 v - a wand of acid (7)
Scrolls
 c - 3 scrolls of magic mapping {unknown}
 g - 2 scrolls of amnesia {unknown}
 i - a scroll of teleportation
 m - a scroll of brand weapon {unknown}
 n - 3 scrolls of identify {unknown}
 s - a scroll of fog
 t - a scroll of fear {unknown}
 u - 3 scrolls of blinking {unknown}
 x - a scroll of vulnerability {unknown}
 y - a scroll of immolation {unknown}
Potions
 e - a potion of brilliance {unknown}
 f - 2 potions of lignification
 h - a potion of invisibility {unknown}
 l - a potion of ambrosia {unknown}
 p - a potion of mutation {unknown}
 q - a potion of curing {unknown}
 w - 2 potions of degeneration {unknown}


   Skills:
 - Level 3.6 Fighting
 + Level 11.2 Axes
 - Level 2.4 Armour
 - Level 2.1 Dodging


You had 6 spell levels left.
You didn't know any spells.
Your spell library was empty.

Dungeon Overview and Level Annotations

Branches:
Dungeon (6/15)
 Temple: D:4-7

Altars:
Lugonu

Shops:
D:2 ?   D:4 ?

Portals:
Abyss: D:5


Innate Abilities, Weirdness & Mutations

You are a tree.
Your roots penetrate the ground, keeping you stationary.
You cannot be teleported.
You are immune to unholy pain and torment.
Your maximum health is greatly increased.
Your equipment is partially melded.
((You have a pair of horns on your head.))
((You reflexively headbutt those who attack you in melee.))


Message History

The centaur shoots an arrow.
The arrow hits you. The arrow freezes you.
The centaur shoots an arrow.
The arrow hits you! The arrow freezes you.
The centaur shoots an arrow.
The arrow hits you. The arrow freezes you.
The centaur shoots an arrow.
The arrow hits you.
* * * LOW HITPOINT WARNING * * *
The arrow freezes you.
* * * LOW HITPOINT WARNING * * *
As you read the scroll of fog, it crumbles to dust.
The scroll dissolves into smoke.
The centaur shoots an arrow.
The arrow hits you.
* * * LOW HITPOINT WARNING * * *
The arrow freezes you.
* * * LOW HITPOINT WARNING * * *
The centaur shoots an arrow.
The arrow hits you.
* * * LOW HITPOINT WARNING * * *
The arrow freezes you.
* * * LOW HITPOINT WARNING * * *
Okay, then.
Unknown command.
Okay, then.
Okay, then.
It was a potion of lignification.
You turn into a tree.
Your +0 cloak melds into your body.
Your +0 pair of boots melds into your body.
Your +0 ring mail melds into your body.
Your roots penetrate the ground.
The centaur shoots an arrow.
The arrow hits you but does no damage.
The centaur shoots an arrow.
The arrow hits you but does no damage.
The centaur zaps a wand.
Some rock shatters into small pieces.
The now-empty wand crumbles to dust.
The centaur shoots an arrow.
The arrow hits you but does no damage.
The centaur shoots an arrow.
The arrow hits you.
* * * LOW HITPOINT WARNING * * *
The arrow freezes you.
* * * LOW HITPOINT WARNING * * *
Press: ? - help, v - describe, . - travel
Here: a centaur, wielding a +0 shortbow of freezing and quivering arrows (blue smoke)
The floor.
Unknown command.
The centaur shoots an arrow.
The arrow hits you!
You die...

#.#.#..#.##.#..# #c#
#......_##.###.# ..#
#...#..#.§#.#.##### #.#
..###.#.§..#......... #.#
..#.##.####.#.#####.# #c#
.....................## #..
.....#######..#.###.#.. #.#
.....)....##..#§§§#.#.# #.#
....#####.##..##♣.#§#.# #.#
....# ##...§§c§#.# #.# ....#
#..#§§§§§.###..#.# ....#
##.###§§§.....c#.# ....#
......§.§##..###..# ....#
####..##...........#
....#######.....###...###.####
............##..###..##
##...#########...##.##


You could see a centaur.

Vanquished Creatures
  3 vampire mosquitoes (D:6)
  A water moccasin (D:4)
  A phantom (D:4)
  A water moccasin skeleton (D:5)
  A howler monkey (D:5)
  2 hounds
  2 orc priests (D:4)
  4 gnolls (D:4)
  3 adders
  A shadow imp (D:6)
  An adder skeleton (D:4)
  A worm (D:2)
  4 dart slugs
  12 orcs
  9 ball pythons
  8 bats
  5 endoplasms
  2 giant cockroaches
  4 goblins
  4 hobgoblins
  9 jackals
  A quokka (D:3)
  2 frilled lizards
  7 kobolds
  8 rats
96 creatures vanquished.

Vanquished Creatures (others)
  A lurking horror (D:5)
1 creature vanquished.

Grand Total: 97 creatures vanquished

Notes
Turn   | Place    | Note
-------+----------+-------------------------------------------
     0 | D:1      | lnt the Minotaur Berserker began the quest for the Orb.
     0 | D:1      | Reached XP level 1. HP: 19/19 MP: 0/0
   184 | D:1      | Reached skill level 4 in Axes
   433 | D:1      | Reached XP level 2. HP: 26/26 MP: 1/1
   570 | D:1      | Found a faded altar of an unknown god.
   784 | D:1      | Reached skill level 5 in Axes
   831 | D:1      | Reached XP level 3. HP: 31/31 MP: 2/2
   941 | D:2      | Reached ** piety under Trog
  1211 | D:2      | Found Nuoc's Magic Scroll Boutique.
  1223 | D:2      | Bought a scroll of teleportation for 30 gold pieces
  1818 | D:2      | Reached XP level 4. HP: 39/39 MP: 3/3
  1911 | D:2      | Reached skill level 6 in Axes
  2366 | D:3      | You fall into a shaft and drop 1 floor!
  2458 | D:4      | Noticed a phantom
  2474 | D:4      | Killed a phantom
  2475 | D:4      | Reached skill level 7 in Axes
  2475 | D:4      | Reached XP level 5. HP: 30/45 MP: 4/4
  2931 | D:4      | Reached *** piety under Trog
  2938 | D:4      | Reached skill level 8 in Axes
  2938 | D:4      | You fall into a shaft and drop 2 floors!
  2975 | D:6      | Noticed a vampire mosquito
  2975 | D:6      | Noticed a vampire mosquito
  2975 | D:6      | Noticed a vampire mosquito
  2987 | D:6      | Killed a vampire mosquito
  2988 | D:6      | Reached XP level 6. HP: 51/51 MP: 5/5
  2993 | D:6      | Killed a vampire mosquito
  2994 | D:6      | Reached skill level 9 in Axes
  2998 | D:6      | Killed a vampire mosquito
  2999 | D:6      | Reached skill level 10 in Axes
  2999 | D:6      | Reached XP level 7. HP: 40/57 MP: 6/6
  3193 | D:5      | Entered Level 5 of the Dungeon
  3304 | D:5      | Found a one-way gate to the infinite horrors of the Abyss.
  3481 | D:5      | Found a corrupted altar of Lugonu.
  3978 | D:4      | Reached skill level 11 in Axes
  4188 | D:4      | Found Xooper's Magic Scroll Boutique.
  4191 | D:4      | Bought a scroll of fog for 22 gold pieces
  4191 | D:4      | Bought a scroll of enchant weapon for 82 gold pieces
  4624 | D:5      | Shot with an arrow by a centaur

Illustrated notes

Levels and vault maps discovered:
D:1:      moated_graveyard_arrival, layout_basic, ebering_ecumenical_altar_rust,
          kennysheep_decorative_pillar
D:2:      layout_loops_corners, serial_shops, shop, minmay_tromino_i2
D:3:      layout_loops_ring, lexackson_kobold_supper, uniq_ijyb
D:4:      layout_loops_corners, serial_shops, kennysheep_mini,
          kennysheep_generic_room_6
D:5:      layout_basic, mainiacjoe_overflow_24_doors,
          amcnicky_altar_lugonu_corruption
D:6:      layout_basic, st_stairs_12

Skill      XL: |  1  2  3  4  5  6  7 |
---------------+----------------------+-----
Axes           | 4 5 7 8 10 11 | 11.2
Fighting       | |  3.6
Armour         | |  2.4
Dodging        | |  2.1

Action                   |  1- 3 |  4- 6 |  7- 9 || total
-------------------------+-------+-------+-------++-------
Melee: Hand axe          |    76 |    94 |    74 ||   244
       Headbutt          |    12 |     6 |    11 ||    29
Invok: Berserk           |       |     3 |       ||     3
       Trog's Hand       |       |     1 |       ||     1
  Use: Scroll            |       |       |     2 ||     2
       Potion            |       |       |     1 ||     1
Armor: Animal skin       |    12 |     4 |       ||    16
       Ring mail         |       |    22 |    17 ||    39
       Skin              |       |       |     3 ||     3
Dodge: Dodged            |    47 |    56 |    43 ||   146
